 Dungeon Crawl Stone Soup version 0.29-a0-1023-g6ae1a4a2c7 (webtiles) character file.

Game seed: 17124467531244150902

8046 2tc the Cleaver (level 11, -16/96 (99) HPs)
             Began as a Hill Orc Monk on Aug 11, 2022.
             Was an Initiate of Ignis.
             Demolished by a skeletal warrior
             ... wielding a +0 battleaxe
              (28 damage)
             ... on level 8 of the Dungeon.
             The game lasted 00:35:06 (11680 turns).

2tc the Cleaver (Hill Orc Monk)                    Turns: 11680, Time: 00:35:06

HP:   -16/96 (99)   AC:  9    Str: 19    XL:     11   Next: 24%
MP:   11/11         EV: 21    Int: 10    God:    Ignis [......]
Gold: 643           SH:  0    Dex: 13    Spells: 8/10 levels left

rFire   + . .      SeeInvis .   a - +0 hand axe (freeze)
rCold   . . .      Faith    .   (no shield)
rNeg    . . .      Spirit   .   x - +0 steam dragon scales
rPois   .          Reflect  .   (no helmet)
rElec   .          Harm     .   f - +2 cloak {rCorr}
rCorr   +          Rampage  .   (no gloves)
Will    .....                   (no boots)
Stlth   ++........              C - amulet of the acrobat
HPRegen 0.26/turn               m - +4 ring of evasion
MPRegen 0.12/turn               q - +4 ring of evasion

@: lightly drained
A: no striking features
a: Renounce Religion, Rising Flame


You were on level 8 of the Dungeon.
You worshipped Ignis.
Ignis was noncommittal.
You visited 1 branch of the dungeon, and saw 8 of its levels.
You also visited: Ossuary and Bailey.

You collected 643 gold pieces.

Inventory:

Hand Weapons
 a - a +0 hand axe of freezing (weapon)
Armour
 b - a +1 robe
 f - a +2 cloak of preservation (worn)
 x - +0 steam dragon scales (worn)
 z - a +0 tower shield
 D - +0 swamp dragon scales
Magical Staves
 g - a staff of fire
Jewellery
 m - a +4 ring of evasion (left hand)
 o - a ring of fire
 q - a +4 ring of evasion (right hand)
 v - a ring of protection from cold
 C - an amulet of the acrobat (around neck)
Wands
 k - a wand of iceblast (3)
 w - a wand of polymorph (2)
 A - a wand of flame (1)
Scrolls
 c - a scroll of enchant armour
 i - 3 scrolls of teleportation
 j - a scroll of blinking
 p - 5 scrolls of fear
 r - a scroll of amnesia
 t - a scroll of silence
Potions
 d - 3 potions of lignification
 e - 7 potions of curing
 h - 3 potions of brilliance
 l - 2 potions of magic
 n - 2 potions of cancellation
 s - 2 potions of mutation
 u - a potion of invisibility


   Skills:
 - Level 10.0 Fighting
 - Level 14.0 Axes
 - Level 5.0 Armour
 - Level 5.0 Dodging
 - Level 1.5 Stealth
 - Level 6.0 Transmutations
 + Level 3.3 Evocations


You had 8 spell levels left.
You knew the following spells:

 Your Spells              Type           Power      Damage    Failure   Level
a - Wereblood             Tmut           12%        N/A       4%          2

Your spell library contained the following spells:

 Spells                   Type           Power      Damage    Failure   Level
 Beastly Appendage        Tmut           24%        N/A       3%          1
 Spider Form              Tmut/Pois      6%         N/A       32%         3
 Magic Dart               Conj           0%         1d3       36%         1
 Summon Small Mammal      Summ           0%         N/A       36%         1
 Searing Ray              Conj           0%         2d4       50%         2
 Blade Hands              Tmut           6%         N/A       65%         5
 Call Canine Familiar     Summ           0%         N/A       75%         3
 Summon Guardian Golem    Hex/Summ       0%         N/A       75%         3
 Irradiate                Conj/Tmut      3%         3d12      97%         5
 Corpse Rot               Necr/Pois/Air  0%         N/A       98%         4
 Dispel Undead            Necr           0%         3d6       98%         4
 Fulminant Prism          Conj/Hex       0%         3d6       98%         4
 Death Channel            Necr           0%         N/A       100%        6
 Dragon Form              Tmut           6%         N/A       100%        7


Dungeon Overview and Level Annotations

Branches:
Dungeon (8/15)             Temple (0/1) D:7         Ossuary (visited)
 Bailey (visited)
   Lair: D:8-11

Altars:
Fedhas
Gozag
Okawaru
Ru
Sif Muna
Uskayaw
Xom
Yredelemnul
Zin
The Shining One
Ignis

Shops:
D:2 ?[:*


Message History

You closely miss the skeletal warrior.
The skeletal warrior is lightly damaged.
The spectral unseen horror hits your acid dragon but does no damage.
The skeletal warrior hits you with a +0 battleaxe.
You hit the skeletal warrior but do no damage.
The skeletal warrior is lightly damaged.
The spectral unseen horror hits your acid dragon.
The spectral unseen horror drains your acid dragon.
The spectral unseen horror hits your acid dragon.
You barely miss the skeletal warrior. Your punch misses the skeletal warrior.
The skeletal warrior is lightly damaged.
The skeletal warrior misses you.
The skeletal warrior hits your acid dragon with a +0 battleaxe!
Your acid dragon dies!
Your acid dragon's corpse dissolves into shadows!
You feel better.
The skeletal warrior completely misses you.
Your orc priest mumbles some strange prayers to Beogh against the skeletal warrior.
The skeletal warrior is smitten.
You hit the skeletal warrior.
The skeletal warrior is moderately damaged.
The skeletal warrior hits you with a +0 battleaxe!
You hit the skeletal warrior. You freeze the skeletal warrior.
The skeletal warrior is moderately damaged.
Unknown command.
You completely miss the skeletal warrior.
The skeletal warrior is moderately damaged.
The skeletal warrior hits you with a +0 battleaxe!
Unknown command.
You slash the skeletal warrior! You freeze the skeletal warrior.
The skeletal warrior is heavily damaged.
You hit the skeletal warrior but do no damage.
The skeletal warrior is heavily damaged.
The skeletal warrior hits you with a +0 battleaxe!!
* * * LOW HITPOINT WARNING * * *
Unknown command.
You hit the skeletal warrior but do no damage.
The skeletal warrior is heavily damaged.
The skeletal warrior hits you with a +0 battleaxe!!
You die...

#.#.# #.......# #.#.#######
######.###### ###### #.#.......#
#............ .....# #.#..####.#
#.#####.##### ####.#
#.#..####.###.# #.).... ####.#
#...).........# ##..... ..##.#
###........#### #..~~. #.##.#
##.####..# ##.~..~ .....##
#..Zz@o.# ##~~~.)) #....)#
#######.## #~~~..~. #####)#
#...# #~~...~. ##.##### #...#
#~~..~.. #......# #...# #~~..~..
#..###.# #####...#######~...~~
##..###.###...........####.....
..[.....................##.....
###........#...........##.#.....


You could see a skeletal warrior (ally target), a spectral unseen horror and a
friendly orc priest (summoned).

Vanquished Creatures
  A two-headed ogre (Bailey)
  Pikel (D:6)
  A spectral unseen horror (D:8)
  Grinder (D:3)
  2 hornets (D:8)
  A hog (D:6)
  6 spriggans (Bailey)
  6 yaks (D:8)
  A steam dragon (Bailey)
  Duvessa (D:6)
  An ice beast (D:5)
  An orc warrior (D:7)
  A sky beast (D:6)
  2 black bears
  7 ogres
  4 centaurs
  3 lemures (D:6)
  2 kobold brigands (D:6)
  A gnoll sergeant (D:8)
  5 scorpions
  14 wights
  Dowan (D:6)
  5 killer bees (D:8)
  2 howler monkeys
  2 electric eels (D:8)
  4 hounds
  2 jellies
  An orc priest (D:6)
  5 iguanas
  6 orc wizards
  A mummy (Ossuary)
  8 gnolls
  6 adders
  A shadow imp (D:7)
  3 white imps (D:6)
  An ufetubus (D:6)
  2 worms
  2 dart slugs
  29 orcs
  A spectral bat (Ossuary)
  7 ball pythons
  6 bat simulacra (Ossuary)
  7 endoplasms
  3 giant cockroaches
  12 gnoll zombies (Ossuary)
  6 goblins
  6 hobgoblins
  10 jackals
  12 kobolds
  3 quokkas
  4 bats
  A frilled lizard (D:2)
  3 goblin simulacra (Ossuary)
  3 goblin zombies
  3 hobgoblin zombies (Ossuary)
  4 kobold simulacra (Ossuary)
  7 kobold zombies (Ossuary)
  6 orc zombies (Ossuary)
  4 rats
  A rat zombie (D:6)
  3 spectral goblins (Ossuary)
  4 spectral kobolds (Ossuary)
  2 spectral rats (Ossuary)
261 creatures vanquished.

Vanquished Creatures (collateral kills)
  A spectral unseen horror (D:8)
1 creature vanquished.

Vanquished Creatures (others)
  116 foxfires
  17 withered plants (D:8)
133 creatures vanquished.

Grand Total: 395 creatures vanquished

Notes
Turn   | Place    | Note
-------+----------+-------------------------------------------
     0 | D:1      | 2tc the Hill Orc Monk began the quest for the Orb.
     0 | D:1      | Reached XP level 1. HP: 19/19 MP: 1/1
   584 | D:1      | Reached XP level 2. HP: 26/26 MP: 2/2
   900 | D:1      | Found a faded altar of an unknown god.
   908 | D:1      | Prayed at the altar of an unknown god.
   908 | D:1      | Became a worshipper of Ignis, the Dying Flame
   908 | D:1      | Reached ****** piety under Ignis
   965 | D:1      | Reached skill level 5 in Axes
  1297 | D:2      | Noticed a scorpion
  1307 | D:2      | Killed a scorpion
  1308 | D:2      | Reached skill level 6 in Axes
  1308 | D:2      | Reached XP level 3. HP: 31/31 MP: 3/3
  1308 | D:2      | Reached XP level 4. HP: 39/39 MP: 4/4
  1334 | D:2      | Found Sadde Luan's Magic Scroll Shop.
  1474 | D:2      | Found Nuxyerph's Antique Armour Shop.
  1495 | D:2      | Found Zoror's Vocational Training.
  1778 | D:2      | Found Buommeo's General Store.
  1788 | D:2      | Identified the +3 leather armour "Heicaer" {*Slow rCorr
                  | Str+4}
  1837 | D:2      | Reached skill level 7 in Axes
  2161 | D:3      | Noticed Grinder
  2165 | D:3      | Paralysed by Grinder for 5 turns
  2177 | D:3      | Paralysed by Grinder for 2 turns
  2182 | D:3      | Paralysed by Grinder for 4 turns
  2192 | D:3      | Killed Grinder
  2193 | D:3      | Reached skill level 9 in Axes
  2193 | D:3      | Reached XP level 5. HP: 24/45 MP: 5/5
  2193 | D:3      | Reached XP level 6. HP: 27/51 MP: 6/6
  2488 | D:3      | Found a glowing silver altar of Zin.
  2737 | D:3      | Found an iron altar of Okawaru.
  3323 | D:4      | Found an opulent altar of Gozag.
  3435 | D:4      | Found a hide-covered altar of Uskayaw.
  3454 | D:4      | Reached skill level 10 in Axes
  3578 | D:4      | Reached XP level 7. HP: 26/57 MP: 7/7
  4097 | D:4      | Found a basalt altar of Yredelemnul.
  4271 | D:5      | Entered Level 5 of the Dungeon
  4522 | D:5      | Found a shimmering altar of Xom.
  4639 | D:5      | Reached skill level 11 in Axes
  5525 | D:5      | Reached skill level 12 in Axes
  5525 | D:5      | Reached XP level 8. HP: 64/64 MP: 8/8
  5903 | D:6      | Noticed Dowan
  5904 | D:6      | Noticed Duvessa
  5917 | D:6      | Found a sand-covered staircase.
  5924 | Ossuary  | Entered an ossuary
  5952 | Ossuary  | Learned a level 2 spell: Wereblood
  6358 | Ossuary  | Reached skill level 13 in Axes
  6433 | D:6      | Killed Duvessa
  6453 | D:6      | Killed Dowan
  6670 | D:6      | Found a shimmering blue altar of Sif Muna.
  6862 | D:6      | Noticed Pikel
  6882 | D:6      | Killed Pikel
  6883 | D:6      | Reached skill level 14 in Axes
  6883 | D:6      | Reached XP level 9. HP: 66/70 MP: 9/9
  6962 | D:6      | Found a blossoming altar of Fedhas.
  7060 | D:6      | Reached skill level 1 in Armour
  7463 | D:6      | Noticed Maggie
  7466 | D:6      | Noticed Maggie
  7466 | D:6      | Maggie changed into Maggie the hog
  7482 | D:6      | Killed Maggie the hog
  7889 | D:6      | Reached skill level 5 in Armour
  8170 | D:7      | Reached skill level 5 in Transmutations
  8403 | D:7      | Found a glowing golden altar of the Shining One.
  8616 | D:7      | Found a staircase to the Ecumenical Temple.
  8661 | D:7      | Found a flagged portal.
  8670 | Bailey   | Entered a bailey
  8733 | Bailey   | Reached XP level 10. HP: 76/80 MP: 10/10
  8759 | Bailey   | Reached skill level 5 in Fighting
  9131 | Bailey   | Noticed a two-headed ogre
  9151 | Bailey   | Killed a two-headed ogre
  9291 | Bailey   | Identified the +4 trident of War {drain, Dex+4}
 10701 | D:8      | Reached skill level 10 in Fighting
 10739 | D:8      | Reached XP level 11. HP: 50/99 MP: 11/11
 11126 | D:8      | Found a sacrificial altar of Ru.
 11215 | D:8      | Reached skill level 5 in Dodging
 11226 | D:8      | Reached skill level 1 in Evocations
 11629 | D:8      | Noticed a skeletal warrior
 11680 | D:8      | Demolished by a skeletal warrior

Illustrated notes

Levels and vault maps discovered:
D:1:      tarquinn_simple_flora_water_d, layout_loops_cross,
          hellmonk_ecumenical_altar_prayer_group,
          hangedman_decor_diamond_cutter, minivault_23
D:2:      layout_loops_cross, serial_shops, nicolae_shop_behind_doors,
          nicolae_shop_statue_plus, nicolae_diamond_shop,
          nicolae_shop_vocational
D:3:      layout_basic, kennysheep_okawaru_gauntlet, zin_scriptorium,
          uniq_grinder
D:4:      layout_loops_ring, nicolae_uskayaw_murder_on_the_dancefloor,
          grunt_gozag_breadcrumbs, mainiacjoe_overflow_catwalk,
          eino_small_chamber_without_monster, kennysheep_potato
D:5:      lemuel_ice_spiral_2, layout_basic, mainiacjoe_overflow_alcove_2
D:6:      layout_gridville, mainiacjoe_overflow_boulevard,
          mainiacjoe_overflow_cross_hatched, enter_ossuary_4,
          kennysheep_opposing_triangles, uniq_maggie, uniq_duvessa, uniq_pikel
D:7:      layout_gridville, nicolae_tso_carved_into_rock,
          minmay_temple_entry_waves, enter_bailey_3
D:8:      cheibrodos_helix_gallery, layout_loops_cross,
          nicolae_overflow_crystal_walls, grunt_decor_mini_mirrors,
          dilly_guarded_unrand_morg

Skill      XL: |  1  2  3  4  5  6  7  8  9 10 11 |
---------------+----------------------------------+-----
Axes           | 6 9 10 12 14 | 14.0
Transmutations | 3 6 |  6.0
Armour         | 5 |  5.0
Fighting       | 4 10 | 10.0
Dodging        | 4 5 |  5.0
Evocations     | 3 |  3.3
Stealth        | |  1.5

Action                   |  1- 3 |  4- 6 |  7- 9 | 10-12 || total
-------------------------+-------+-------+-------+-------++-------
Melee: Hand axe          |    52 |   159 |   576 |   289 ||  1076
       Punch             |       |     1 |     9 |     2 ||    12
 Cast: Wereblood         |       |       |     1 |     3 ||     4
Invok: Foxfire Swarm     |       |       |     5 |     2 ||     7
       Fiery Armour      |       |       |     1 |     2 ||     3
Evoke: Wand              |       |       |     2 |    10 ||    12
  Use: Scroll            |     5 |     6 |     8 |     2 ||    21
       Potion            |     1 |     7 |     7 |     7 ||    22
 Stab: Sleeping          |     3 |     4 |    11 |     1 ||    19
       Distracted        |       |     1 |       |     1 ||     2
       Invisible         |       |       |       |     5 ||     5
Armor: Robe              |    12 |    32 |    83 |     4 ||   131
       Skin              |       |    11 |       |    62 ||    73
       Steam dragon scal |       |       |       |    17 ||    17
Dodge: Dodged            |    29 |    74 |   348 |   171 ||   622

Table legend: (Time is in decaauts)
 A = Elapsed time spent in this place.
 B = Non-inter-level travel time spent in this place.
 C = Inter-level travel time spent in this place.
 D = Time resting spent in this place.
 E = Time spent auto-exploring this place.
 F = Levels seen in this place.
 G = Mean time per level.
                   A        B        C        D        E       F      G
               +--------+--------+--------+--------+--------+-----+--------+
         Total |  11290 |  11008 |    282 |    730 |   8248 |  10 | 1129.0 |
       Dungeon |  10193 |   9911 |    282 |    716 |   7553 |   8 | 1274.1 |
       Ossuary |    429 |    429 |      0 |      0 |    237 |   1 |  429.0 |
        Bailey |    667 |    667 |      0 |     14 |    457 |   1 |  667.0 |
               +--------+--------+--------+--------+--------+-----+--------+

Top non-repeatable levels by time:
     D:6: 1617 daAuts
     D:8: 1491 daAuts
     D:7: 1421 daAuts
     D:5: 1321 daAuts
     D:4: 1278 daAuts
     D:1: 1221 daAuts
     D:3: 992 daAuts
     D:2: 848 daAuts
  Bailey: 667 daAuts
 Ossuary: 429 daAuts
